 Dungeon Crawl Stone Soup version 0.16-a0-1120-gd281f79 (webtiles) character file.

70 JacquesDerrida the Insei (level 4, -6/32 HPs)
             Began as a Demonspawn Transmuter on Oct 6, 2014.
             Mangled by an iguana (7 damage)
             ... on level 4 of the Dungeon.
             The game lasted 00:05:57 (1417 turns).

JacquesDerrida the Insei (Demonspawn Transmuter)    Turns: 1417, Time: 00:05:57

Health: -6/32      AC:  6    Str: 10    XL:     4   Next: 3%
Magic:  7/7        EV: 12    Int: 14    God:
Gold:   199        SH:  2    Dex: 15    Spells: 1 memorised, 6 levels left

rFire  . . .     SeeInvis .       - Unarmed
rCold  . . .     Clarity  .     c - +0 robe
rNeg   . . .     SustAb   .     (no shield)
rPois  .         Gourm    .     m - +0 helmet
rElec  .         Spirit   .     (no cloak)
rCorr  .         Warding  .     (no gloves)
rMut   .         Stasis   .     (no boots)
MR     .....                    (no amulet)
Stlth  +.........               (no ring)
                                (no ring)

@: not resistant to hostile enchantments, very unstealthy
A: talons 1, large bone plates 1, high mp 1, shaggy fur 1, spit poison 1
a: Spit Poison


You were on level 4 of the Dungeon.
You were hungry.

You visited 1 branch of the dungeon, and saw 4 of its levels.

You collected 199 gold pieces.

Inventory:

Missiles
 b - 36 arrows
Armour
 c - a +0 robe (worn)
 j - a +0 buckler of protection
 m - a +0 helmet (worn)
Comestibles
 a - 2 bread rations
Scrolls
 e - 2 scrolls of fog {unknown}
 h - 2 scrolls of identify {unknown}
 i - a scroll of remove curse {unknown}
 l - a scroll of enchant weapon {unknown}
Potions
 f - 2 potions of mutation
 g - a potion of heal wounds {unknown}
 k - 2 potions of invisibility {unknown}
Books
 d - a book of Changes

   Spells                             Type                      Level
   *Beastly Appendage                 Transmutation                1
   Sticks to Snakes                   Transmutation                2
   Spider Form                        Transmutation/Poison         3
   Ice Form                           Ice/Transmutation            4
   Blade Hands                        Transmutation                5


   Skills:
 - Level 1.0 Fighting
 - Level 1.7 Dodging
 + Level 4.4 Unarmed Combat
 - Level 2.0 Spellcasting
 - Level 1.7 Transmutations


You had 6 spell levels left.
You knew the following spells:

 Your Spells              Type           Power        Failure   Level  Hunger
a - Beastly Appendage     Trmt           #.....       14%         1    ##.....


Dungeon Overview and Level Annotations

Branches:
Dungeon (4/15)
 Temple: D:4-7

Altars:
Ashenzari
Elyvilon
Gozag
Kikubaaqudgha
Makhleb
Okawaru
Qazlal


Innate Abilities, Weirdness & Mutations

You have sharp toenails.
You are partially covered in large bone plates (AC +2, SH +2).
You have an increased reservoir of magic (+10% MP).
You are covered in fur (AC +1).
You can spit poison.


Message History

You hit the iguana.
The iguana is moderately wounded.
The iguana barely misses you.
You barely miss the iguana.
The iguana is moderately wounded.
You are feeling hungry.
The iguana bites you!
You barely miss the iguana.
The iguana is moderately wounded.
You hit the iguana. You claw the iguana, but do no damage.
The iguana is severely wounded.
The iguana bites you!
* * * LOW HITPOINT WARNING * * *
Drink which item? (? for menu, Esc to quit)
You feel extremely strange.
You feel more energetic.
There is a nasty taste in your mouth for a moment.
Fur sprouts all over your body.
It was a potion of mutation.
The iguana bites you!
You die...

# #. #..####
#..l@.# ##>##.# #
#.##)##.# #.......#
##+## ####.####
##...## #.#
#.....## ### #.#
.......## ##.###.#
...)....####...##.#


You could see an iguana.

Vanquished Creatures
  An adder (D:2)
  A worm (D:3)
  A giant gecko (D:3)
  3 oozes
  An orc (D:3)
  7 bats
  3 giant cockroaches
  6 hobgoblins
  2 jackals (D:1)
  4 kobolds
  2 quokkas (D:3)
  2 ball pythons
  6 giant newts
  6 goblins
  3 rats
48 creatures vanquished.

Notes
Turn   | Place    | Note
--------------------------------------------------------------
     0 | D:1      | JacquesDerrida, the Demonspawn Transmuter, began the quest for the Orb.
     0 | D:1      | Reached XP level 1. HP: 15/15 MP: 3/3
    71 | D:1      | Reached skill level 3 in Unarmed Combat
   206 | D:1      | Gained mutation: You are partially covered in large bone plates (AC +2, SH +2). [demonic ancestry]
   206 | D:1      | Reached XP level 2. HP: 18/21 MP: 2/4
   536 | D:2      | Found an opulent altar of Gozag.
   542 | D:2      | Found a burning altar of Makhleb.
   542 | D:2      | Found an ancient bone altar of Kikubaaqudgha.
   543 | D:2      | Found a shattered altar of Ashenzari.
   544 | D:2      | Found an iron altar of Okawaru.
   546 | D:2      | Found a white marble altar of Elyvilon.
   630 | D:2      | Reached XP level 3. HP: 22/26 MP: 4/6
   659 | D:2      | Reached skill level 4 in Unarmed Combat
   817 | D:3      | Noticed an ogre
  1008 | D:3      | Found a stormy altar of Qazlal.
  1234 | D:3      | Mutation became permanent: You have claws for feet. [demonic ancestry]
  1234 | D:3      | Reached XP level 4. HP: 30/32 MP: 4/7
  1271 | D:4      | Noticed a phantom
  1416 | D:4      | HP: 1/32 [iguana (12)]
  1417 | D:4      | Gained mutation: You have an increased reservoir of magic (+10% MP). [potion of mutation]
  1417 | D:4      | Gained mutation: You can spit poison. [potion of mutation]
  1417 | D:4      | Gained mutation: You are covered in fur (AC +1). [potion of mutation]
  1417 | D:4      | Mangled by an iguana

Action                   |  1- 3 |  4- 6 || total
-------------------------+-------+-------++-------
Melee: Unarmed           |   182 |    10 ||   192
 Cast: Beastly Appendage |    23 |       ||    23
  Use: Potion            |       |     1 ||     1
 Stab: Sleeping          |     1 |       ||     1
  Eat: Chunk             |     2 |       ||     2
